 Dungeon Crawl Stone Soup version 0.19-a0-1922-g1e9a4c1 (webtiles) character file.

23 PurpleRed the Charmwright (level 2, -3/25 HPs)
             Began as a Demigod Skald on Oct 24, 2016.
             Slain by a kobold
             ... wielding a +0 whip
              (4 damage)
             ... on level 2 of the Dungeon.
             The game lasted 00:02:11 (245 turns).

PurpleRed the Charmwright (Demigod Skald)            Turns: 245, Time: 00:02:12

Health: -3/25      AC:  3    Str: 15    XL:     2   Next: 54%
Magic:  4/7        EV: 11    Int: 16    God:
Gold:   11         SH:  0    Dex: 15    Spells: 2 memorised, 1 level left

rFire  . . .     SeeInvis .     a - +0 hand axe
rCold  . . .     Gourm    .     b - +0 leather armour
rNeg   . . .     Faith    .     (no shield)
rPois  .         Spirit   .     (no helmet)
rElec  .         Reflect  .     (no cloak)
rCorr  .         Harm     .     (no gloves)
MR     .....                    (no boots)
Stlth  +.........               (no amulet)
                                (no ring)
                                (no ring)

@: very slightly contaminated
A: high mp 1
a: no special abilities


You were on level 2 of the Dungeon.
You were not hungry.

You visited 1 branch of the dungeon, and saw 2 of its levels.

You collected 11 gold pieces.

Inventory:

Hand Weapons
 a - a +0 hand axe (weapon)
Missiles
 f - a throwing net (quivered)
Armour
 b - a +0 leather armour (worn)
Scrolls
 e - 4 scrolls of random uselessness {unknown}
 g - a scroll of amnesia {unknown}
 i - a scroll of teleportation {unknown}
 j - a scroll of recharging {unknown}
 k - 3 scrolls of fear {unknown}
Potions
 h - a potion of ambrosia {unknown}
Books
 c - a book of Battle

   Spells                             Type                      Level
   a - Infusion                       Charms                       1
   b - Shroud of Golubria             Charms/Translocation         2
   c - Song of Slaying                Charms                       2
   d - Spectral Weapon                Hexes/Charms                 3
   e - Regeneration                   Charms/Necromancy            3
Comestibles
 d - a bread ration


   Skills:
 + Level 2.4 Fighting
 * Level 2.4 Axes
 - Level 0.8 Armour
 - Level 0.8 Dodging
 - Level 1.7 Spellcasting
 - Level 2.6 Charms


You had one spell level left.
You knew the following spells:

 Your Spells              Type           Power        Failure   Level  Hunger
a - Infusion              Chrm           ##..         10%         1    ##.....
b - Shroud of Golubria    Chrm/Tloc      #.........   24%         2    ###....


Dungeon Overview and Level Annotations

Branches:
Dungeon (2/15)


Innate Abilities, Weirdness & Mutations

You have an increased reservoir of magic. (+10% MP)


Message History

The ball python constricts you. The kobold hits you with a whip.
* * * LOW HITPOINT WARNING * * *
You hit the ball python but do no damage.
The ball python is severely wounded.
You barely miss the kobold.
The ball python bites you but does no damage.
* * * LOW HITPOINT WARNING * * *
The ball python constricts you.
Your shroud bends the ball python's attack away.
* * * LOW HITPOINT WARNING * * *
The ball python constricts you.
Your shroud bends the kobold's attack away.
You hit the ball python.
You kill the ball python!
You completely miss the kobold. The kobold misses you.
You closely miss the kobold.
The kobold is severely wounded.
Your shroud unravels.
The kobold hits you with a whip.
You die...

. . ## .. .. ..
.# ...##. #.####
......####.....#
#..(#...<.......
#....#<.......
##...(........
#.....@K......
#...#...........
..#...#.........
. ##.)....<.....
#...#.........
...#.##........
.#.. #..$.....
.. .........


You could see a kobold.

Vanquished Creatures
  2 dart slugs (D:1)
  2 leopard geckos
  A ball python (D:2)
  3 goblins (D:1)
  3 hobgoblins (D:1)
  A bat (D:1)
  3 frilled lizards
  A rat (D:1)
16 creatures vanquished.

Notes
Turn   | Place    | Note
-------+----------+-------------------------------------------
     0 | D:1      | PurpleRed the Demigod Skald began the quest for the Orb.
     0 | D:1      | Reached XP level 1. HP: 17/17 MP: 5/5
   142 | D:1      | Reached XP level 2. HP: 10/24 MP: 7/7
   158 | D:1      | Learned a level 2 spell: Shroud of Golubria
   243 | D:2      | HP: 1/25 [ball python (1)]
   245 | D:2      | Slain by a kobold

Vault maps used:
D:1:      kilobyte_arrival_exit_the_forest, minmay_misc_feat_chi
D:2:      minmay_misc_feat_four_crosses

Skill      XL: |  1 |
---------------+----+-----
Axes           | 2 |  2.4
Fighting       | 2 |  2.4
Armour         | |  0.8
Dodging        | |  0.8
Spellcasting   | |  1.7
Charms         | |  2.6

Action                   || total
-------------------------++-------
Melee: Hand axe          ||    49
 Cast: Shroud of Golubri ||     3
Armor: Leather armour    ||    14
Dodge: Dodged            ||    36
